Map: King's Cove LE

Players

Patience

  • Race: Protoss Protoss
  • Spawn Location: 5:00

SpeCial - Winner!

  • Race: Terran Terran
  • Spawn Location: 11:00

Event: IEM Season 13: Katowice (2019)

VOD

Have the link to the VOD?

Description

Time

  • Played on: Feb. 28, 2019, 8:54 a.m.
  • Length: 10:23

All games in this series

Show
View Real Time Build Order
Export as new Build Order

Patience Protoss 

Build Orders: Zealot Archon, Dark Templar Rush 

Get SALT Encoding   

  12  0:00  Probe  
  13  0:12  Probe  
  14  0:19  Pylon  
  14  0:24  Probe  
  15  0:33  Probe  
  15  0:39  Gateway  
  15  0:41  Probe  
  16  0:47  Assimilator  
  17  0:54  Probe  
  18  1:06  Probe  
  19  1:20  Probe  
  20  1:27  Zealot  
  20  1:28  Pylon  
  20  1:32  Probe  
  23  1:33  Cybernetics Core  
  23  1:46  Probe  
  24  2:00  Probe, Stalker  
  25  2:07  Assimilator  
  25  2:09  Pylon  
  25  2:11  Warp Gate  
  25  2:12  Probe  
  28  2:22  Stalker  
  28  2:25  Probe  
  28  2:33  Pylon  
  30  2:46  Twilight Council  
  30  2:48  Probe  
  33  3:04  Probe  
  32  3:12  Nexus  
  32  3:16  Probe  
  33  3:25  Dark Shrine  
  33  3:28  Probe  
  33  3:30  Robotics Facility  
  34  3:38  Gateway  
  34  3:40  Probe  
  35  3:47  Pylon  
  35  3:52  Probe  
  36  4:00  Stalker  
  38  4:09  Probe, Warp Prism  
  39  4:22  Probe  
  42  4:27  Probe  
  43  4:32  Probe  
  43  4:35  Probe  
  43  4:37  Dark Templar x2  
  48  4:40  Probe  
  48  4:43  Probe  
  50  4:48  Probe, Observer  
  53  4:52  Assimilator  
  53  4:53  Probe  
  53  4:56  Assimilator  
  54  5:00  Probe  
  54  5:01  Charge  
  54  5:03  Probe  
  54  5:05  Pylon  
  56  5:11  Probe, Archon  
  56  5:12  Probe  
  57  5:20  Pylon  
  58  5:23  Probe  
  58  5:24  Immortal, Probe  
  64  5:36  Probe, Templar Archives  
  64  5:42  Gateway, Probe  
  66  5:54  Gateway  
  66  5:56  Gateway  
  66  6:00  Observer  
  66  6:07  Psionic Storm  
  66  6:10  Gateway  
  66  6:13  High Templar x2  
  70  6:20  Nexus  
  69  6:26  Pylon  
  68  6:34  Warp Prism  
  65  6:40  Stalker  
  65  6:41  Probe  
  60  7:03  High Templar  
  60  7:04  High Templar  
  60  7:07  Zealot x3, Pylon  
  60  7:08  Zealot  
  72  7:10  Probe  
  73  7:20  Archon  
  72  7:31  Dark Templar  
  73  7:43  Stalker, Archon  
  73  7:44  Zealot, Stalker x3  
  78  8:05  Probe  
  68  8:06  Zealot x2  
  68  8:07  Probe  
  68  8:08  High Templar x2  
  78  8:13  Stalker  
  78  8:17  Probe x2  
  81  8:26  Probe  
  83  8:27  Stalker  
  85  8:36  Probe  
  85  8:37  Probe  
  85  8:46  High Templar x2  
  85  8:47  Probe  
  90  8:49  Probe  
  90  8:50  Zealot  
  90  8:53  Probe  
  90  9:00  Pylon  
  89  9:08  Zealot x2  
  92  9:15  Observer  
  92  9:20  Probe x2  
  96  9:28  High Templar x2  
  96  9:30  Pylon  
  96  9:31  Zealot, Pylon  
  99  9:33  Archon  
  101  9:48  Observer  
  102  9:53  Pylon  
  102  9:56  High Templar x2  
  102  9:57  Zealot x3  
  114  10:00  Archon  
  103  10:11  High Templar  
Show
View Real Time Build Order
Export as new Build Order

SpeCial Terran - Winner!

Build Orders:  

Get SALT Encoding   

  12  0:00  SCV  
  13  0:13  SCV  
  14  0:18  Supply Depot  
  14  0:25  SCV  
  15  0:39  SCV  
  15  0:41  Barracks  
  16  0:47  Refinery  
  16  0:51  SCV  
  17  0:57  Refinery  
  17  1:04  SCV  
  18  1:16  SCV  
  19  1:30  Reaper, Orbital Command  
  20  1:39  Supply Depot  
  20  1:48  Factory  
  20  1:59  Bunker  
  20  2:01  SCV  
  21  2:04  Reaper  
  22  2:13  SCV  
  23  2:25  SCV  
  24  2:32  Widow Mine  
  26  2:44  Command Center  
  26  2:45  SCV  
  27  2:59  SCV  
  27  3:01  Starport  
  28  3:06  Factory Tech Lab  
  28  3:11  SCV  
  29  3:22  Supply Depot  
  29  3:23  SCV  
  30  3:35  SCV  
  31  3:45  Factory Tech Lab  
  31  3:47  SCV  
  32  3:50  Barracks  
  32  3:55  Raven  
  33  3:57  Orbital Command  
  33  3:59  Barracks, SCV  
  34  4:04  Siege Tank  
  37  4:11  SCV  
  37  4:19  Orbital Command  
  37  4:20  Barracks Reactor  
  37  4:23  SCV  
  38  4:32  Bunker  
  38  4:34  Liberator  
  38  4:36  Siege Tank  
  38  4:38  Marine  
  41  4:44  SCV  
  41  4:45  SCV  
  47  4:53  Marine, Supply Depot  
  47  4:54  Refinery  
  47  4:56  SCV, Marine  
  47  4:57  SCV  
  47  4:59  Marine x2  
  53  5:08  Engineering Bay, SCV  
  54  5:14  Marine  
  54  5:15  Supply Depot  
  54  5:16  SCV  
  54  5:18  Factory Reactor  
  54  5:20  SCV  
  54  5:21  Stimpack  
  57  5:27  Marine x2  
  59  5:28  SCV  
  59  5:32  SCV  
  59  5:34  Marine x2  
  62  5:40  Combat Shield  
  62  5:43  Terran Infantry Weapons Level 1  
  62  5:45  Supply Depot  
  62  5:46  SCV x2  
  62  5:48  Marine x2  
  66  5:52  Marine x2  
  68  5:59  SCV x2  
  68  6:01  Refinery  
  70  6:05  Factory Reactor  
  70  6:11  SCV x2  
  72  6:12  Supply Depot  
  72  6:15  Marine x2  
  72  6:16  Marauder x2  
  78  6:27  Supply Depot  
  78  6:28  SCV x2, Medivac  
  78  6:32  Marine x2  
  82  6:37  Marauder  
  86  6:41  SCV  
  86  6:46  SCV  
  88  6:49  Widow Mine x2  
  88  6:50  Marine x2  
  88  6:52  Medivac, Supply Depot  
  93  6:56  Marauder  
  93  6:58  Medivac  
  97  7:08  Marine x2  
  97  7:11  Command Center  
  97  7:12  Widow Mine  
  97  7:13  Widow Mine  
  103  7:22  Concussive Shells, Medivac  
  105  7:27  Supply Depot  
  105  7:29  SCV x2  
  107  7:30  Barracks  
  107  7:31  Barracks  
  107  7:32  Marine x2  
  109  7:41  SCV  
  109  7:43  SCV  
  109  7:44  Marauder x2, Widow Mine, Medivac  
  95  7:53  SCV  
  95  7:55  SCV  
  94  8:00  Command Center  
  94  8:02  Marine  
  94  8:03  Marine  
  94  8:05  Marauder x2  
  99  8:06  Widow Mine, SCV  
  99  8:08  SCV  
  99  8:15  Bunker  
  98  8:20  Marine x4  
  98  8:26  Marauder x2  
  105  8:28  Widow Mine x2  
  109  8:40  Marine x2  
  109  8:41  Bunker, Marine  
  112  8:42  Bunker  
  112  8:47  Marine  
  112  8:48  Marauder x2  
  116  8:52  Widow Mine  
  118  8:57  Supply Depot  
  118  9:11  Medivac x2, Marine  
  118  9:12  Marauder x2, Widow Mine  
  118  9:14  Orbital Command  
  125  9:33  Marauder x2, Ghost Academy, Marine x2  
  131  9:41  Factory Reactor  
  131  9:42  Barracks Tech Lab  
  131  9:47  Missile Turret  
  131  9:51  Marine x2  
  131  9:52  Marine x2  
  135  9:54  Marauder x2  

Tags
 
Add a new tag
Caveats
  • Supply blocks, unpowered buildings, or Contaminate may cause inaccurate times.
  • Supply counts are checked every 10 seconds.